 Dungeon Crawl Stone Soup version 0.27-b1-42-g19c61b19a5 (webtiles) character file.

Game seed: 4412246023882759607

3 infcreate the Covered (level 1, 14/14 HPs)
             Began as a Gargoyle Fighter on July 29, 2021.
             Quit the game on level 1 of the Dungeon.
             The game lasted 00:00:32 (140 turns).

infcreate the Covered (Gargoyle Fighter)             Turns: 140, Time: 00:00:33

Health: 14/14      AC:  9    Str: 19    XL:     1   Next: 50%
Magic:  1/1        EV:  7    Int:  8    God:
Gold:   14         SH:  9    Dex: 15    Spells: 0/0 levels left

rFire    . . .     SeeInvis .   a - +0 flail
rCold    . . .     Faith    .   c - +0 kite shield
rNeg     + . .     Spirit   .   b - +0 scale mail
rPois    ∞         Reflect  .   (no helmet)
rElec    +         Harm     .   (no cloak)
rCorr    .         Rampage  .   (no gloves)
Will     .....                  (no boots)
Stlth    ..........             (no amulet)
HPRegen  0.04/turn              D - +6 ring of dexterity
MPRegen  0.07/turn              (no ring)

@: no status effects
A: sickness immunity, AC +2, negative energy resistance 1, electricity
resistance, torment resistance 1, petrification resistance
a: no special abilities


You were on level 1 of the Dungeon.
You visited 1 branch of the dungeon, and saw 1 of its levels.

You collected 14 gold pieces.


Innate Abilities, Weirdness & Mutations

You are immune to sickness and miasma.
Your stone body is resilient. (AC +2)
You are immune to poison.
You resist negative energy. (rN+)
You are resistant to electric shocks. (rElec)
You are resistant to unholy torment.
You are immune to petrification.


   Skills:
 + Level 3.3 Fighting
 + Level 2.0 Maces & Flails
 + Level 3.3 Armour
 + Level 3.3 Shields


You couldn't memorise any spells.
You didn't know any spells.
Your spell library was empty.

Inventory:

Hand Weapons
 a - a +0 flail (weapon)
Armour
 b - a +0 scale mail (worn)
 c - a +0 kite shield (worn)
Jewellery
 D - a +6 ring of dexterity (left hand)
Potions
 d - a potion of might

Dungeon Overview and Level Annotations

Branches:
Dungeon (1/15)

Altars:

.#.... ... ..... .. ....
#.. ... #..♣ .. ...♣
.#+# #.#..♣♣ ##...# #
#.....♣♣ ♣@.#
########..♣♣♣♣♣♣.#......
.................# ..r.#
####..####.....#.# ...#
..#...# #.....#.# ..#
.#....# #.....#.# .#
.#..#.# #.....#.#... .#
..#...#
#.....#.#).##.#..
####..#
#.....#.#..#..#..


You could see a rat.


Message History

Found 14 gold pieces.
The kobold barely misses you.
You sock the kobold!
You kill the kobold!
No target in view!
You see here a +0 short sword.
You now have 14 gold pieces.
A kobold comes into view. It is wielding a +0 dagger.
The kobold shouts!
Your shield prevents you from hitting the kobold.
You block the kobold's attack.
You closely miss the kobold. The kobold barely misses you.
The kobold hits you but does no damage.
You closely miss the kobold. You block the kobold's attack.
You completely miss the kobold. You block the kobold's attack.
The kobold hits you but does no damage.
You hit the kobold.
The kobold is heavily wounded.
You block the kobold's attack.
You closely miss the kobold.
The kobold is heavily wounded.
The kobold hits you but does no damage. x2
You hit the kobold.
You kill the kobold!
No target in view!
Things that are here:
a +0 dagger; a kobold corpse
Found a club.
A rat comes into view.
Are you sure you want to abandon this character and quit the game? (Confirm with "yes".)

Action                   || total
-------------------------++-------
Melee: Flail             ||    12
Armor: Scale mail        ||     8
Dodge: Dodged            ||     5
Block: Kite shield       ||     6

Levels and vault maps discovered:
D:1:      scummos_arrival_star, layout_basic, dilly_ecumenical_altar_fadedgnrine

Notes
Turn   | Place    | Note
-------+----------+-------------------------------------------
     0 | D:1      | infcreate the Gargoyle Fighter began the quest for the Orb.
     0 | D:1      | Reached XP level 1. HP: 14/14 MP: 1/1
   140 | D:1      | Quit the game

Vanquished Creatures
  3 kobolds (D:1)
3 creatures vanquished.

Table legend: (Time is in decaauts)
 A = Elapsed time spent in this place.
 B = Non-inter-level travel time spent in this place.
 C = Inter-level travel time spent in this place.
 D = Time resting spent in this place.
 E = Time spent auto-exploring this place.
 F = Levels seen in this place.
 G = Mean time per level.
                   A        B        C        D        E       F      G
               +--------+--------+--------+--------+--------+-----+--------+
         Total |    145 |     32 |    113 |      0 |      0 |   1 |  145.0 |
       Dungeon |    145 |     32 |    113 |      0 |      0 |   1 |  145.0 |
               +--------+--------+--------+--------+--------+-----+--------+

Top non-repeatable levels by time:
     D:1: 145 daAuts

Table legend:
 A = Non-vault XP
 B = Vault XP
 C = Vault XP percentage of total XP
 D = Non-vault monster count
 E = Vault monster count
 F = Vault count percentage of total count
                 A         B        C        D         E       F
            +---------+---------+-------+---------+---------+-------
      Total |       5 |       0 |   0.0 |       3 |       0 |   0.0
            +---------+---------+-------+---------+---------+-------
        D:1 |       5 |       0 |   0.0 |       3 |       0 |   0.0
            +---------+---------+-------+---------+---------+-------
